 Dungeon Sprint DCSS version 0.20-a0-641-g673355a (webtiles) character file.

205 Kidiri the Thaumaturge (level 5, -10/32 HPs)
             Began as a Deep Elf Fire Elementalist on Feb 13, 2017.
             Was an Initiate of Vehumet.
             Killed from afar by a deep elf mage (29 damage)
             ... with a bolt of lightning
             ... in the Dungeon (Sprint III: "The Ten Rune Challenge").
             The game lasted 00:03:29 (683 turns).

Kidiri the Thaumaturge (Deep Elf Fire Elementalist)  Turns: 683, Time: 00:03:30

Health: -10/32     AC:  3    Str:  5    XL:     5   Next: 52%
Magic:  12/16      EV: 16    Int: 21    God:    Vehumet [......]
Gold:   11         SH:  0    Dex: 15    Spells: 0/21 levels left

rFire    . . .     SeeInvis .   q - +0 dagger
rCold    . . .     Gourm    .   l - +1 robe {MR+}
rNeg     . . .     Faith    .   (no shield)
rPois    .         Spirit   .   (no helmet)
rElec    .         Reflect  .   (no cloak)
rCorr    .         Harm     .   (no gloves)
MR       +....     Clarity  +   (no boots) Stlth ++........NoTele +
                                (no amulet)
Regen    0.1/turn               (no ring)
MPRegen  0.2/turn               (no ring)

@: no status effects
A: claws 1, clarity, deformed body, low mp 1, shaggy fur 1
a: Renounce Religion


You were in the Dungeon.
You worshipped Vehumet.
Vehumet was noncommittal.
You were not hungry.

You visited 1 branch You collected 11 gold pieces.

Inventory:

Hand Weapons
 q - a +0 dagger (weapon)
Armour
 l - a +1 robe of magic resistance (worn)
Scrolls
 i - 2 scrolls of blinking
 j - a scroll of immolation
 m - a scroll of torment {unknown}
 n - 3 scrolls of remove curse
 o - a scroll of recharging {unknown}
 r - a scroll of identify {unknown}
Potions
 d - a potion of curing
 e - a potion of heal wounds
 f - a potion of haste
 g - 2 potions of magic
 h - 2 potions of berserk rage
 k - a potion of brilliance {unknown}
 t - 2 potions of flight
Comestibles
 c - a bread ration
 p - a royal jelly
 s - a meat ration


   Skills:
 + Level 3.3 Fighting
 + Level 0.0 Short Blades
 + Level 3.2 Armour
 + Level 5.9 Dodging
 - Level 2.4 Stealth
 * Level 8.6 Spellcasting
 + Level 4.5 Conjurations
 + Level 5.8 Fire Magic


You couldn't memorise any spells.
You knew the following spells:

 Your Spells              Type           Power        Failure   Level  Hunger
a - Flame Tongue          Conj/Fire      ####.        1%          1    None
b - Throw Flame           Conj/Fire      ####..       1%          2    None
c - Conjure Flame         Conj/Fire      ####....     2%          3    None
d - Inner Flame           Hex/Fire       ###.....     10%         3    None
e - Sticky Flame          Conj/Fire      ####....     12%         4    ###....
f - Fireball              Conj/Fire      ####......   28%         5    #####..
g - Mephitic Cloud        Conj/Pois/Air  ###.....     14%         3    None


Dungeon Overview and Level Annotations

Branches:
Dungeon (1/1)

Altars:
Elyvilon
Kikubaaqudgha
Sif Muna
Vehumet
Zin
The Shining One


Innate Abilities, Weirdness & Mutations

You have sharp fingernails.
You possess an exceptional clarity of mind.
Armour fits poorly on your strangely shaped body.
Your magical capacity is low. (-10% MP)
You are covered in fur. (AC +1)


Message History

The helpless deep elf mage fails to defend itself.
You puncture the deep elf mage!
The deep elf mage is lightly wounded.
The deep elf mage closely misses you.
Casting: Flame Tongue
Confirm with . or Enter, or press ? or * to list all spells.
Aiming: Sticky Flame
Press: ? - help, Shift-Dir - straight line, f - deep elf mage
Aim: a deep elf mage, wielding a long sword of holy wrath (lightly wounded)
The sticky flame hits the deep elf mage.
The deep elf mage is moderately wounded.
The deep elf mage is covered in liquid flames!
The deep elf mage burns!
The deep elf mage closely misses you.
Unknown command.
Unknown command.
The deep elf mage burns!
The deep elf mage gestures at you while chanting.
The bolt of lightning hits you! x2
Ouch! That really hurt!
You die...

▓▓▓▓ ▓▓▓ ...####
##.#####
......#####..#___#
.......#..#..#e..#
#.##...#..#..###@#+###+#
#.###..##+#..#..........
##.##..###...'.⌠........
..##..####...#...######+
..##..###....#.⌠.#
.##...##.....#...#
##....#÷.....#+###
##..##.#.....#.[:#
#[.#####....#___#


You could see a deep elf mage (burning).

Vanquished Creatures
  A water elemental (D)
  A scorpion (D)
  A wizard (D)
  Jessica (D)
  A kobold demonologist (D)
  A human (D)
  An ooze (D)
  2 rats (D)
9 creatures vanquished.

Vanquished Creatures (others)
  2 draconian scorchers (D)
  6 hellions (D)
  A yaktaur (D)
  4 plants (D)
13 creatures vanquished.

Grand Total: 22 creatures vanquished

Notes
Turn   | Place    | Note
-------+----------+-------------------------------------------
     0 | D        | Kidiri the Deep Elf Fire Elementalist began the quest for the Orb.
     0 | D        | Reached XP level 1. HP: 10/10 MP: 6/6
    52 | D        | Reached skill level 4 in Spellcasting
   114 | D        | Noticed Jessica
   118 | D        | Killed Jessica
   118 | D        | Reached skill level 1 in Fighting
   118 | D        | Reached skill level 1 in Armour
   118 | D        | Reached skill level 5 in Spellcasting
   118 | D        | Reached XP level 2. HP: 16/16 MP: 5/10
   118 | D        | Reached XP level 3. HP: 20/20 MP: 5/11
   122 | D        | Learned a level 2 spell: Throw Flame
   126 | D        | Learned a level 3 spell: Conjure Flame
   130 | D        | Learned a level 3 spell: Inner Flame
   135 | D        | Killed a hellion
   136 | D        | Killed a hellion
   137 | D        | Killed a hellion
   137 | D        | Killed a hellion
   155 | D        | Killed a white draconian scorcher
   158 | D        | Killed a hellion
   203 | D        | Killed a white draconian scorcher
   221 | D        | Killed a hellion
   227 | D        | Killed a yaktaur
   241 | D        | Noticed a scorpion
   252 | D        | Killed a scorpion
   252 | D        | Reached skill level 7 in Spellcasting
   252 | D        | Reached XP level 4. HP: 19/27 MP: 2/15
   260 | D        | Learned a level 4 spell: Sticky Flame
   281 | D        | Gained mutation: You have sharp toenails. [potion of mutation]
   281 | D        | Gained mutation: You are partially covered in large bone plates. (SH +4) [potion of mutation]
   282 | D        | Lost mutation: You have sharp toenails. [potion of mutation]
   282 | D        | Lost mutation: You are partially covered in large bone plates. (SH +4) [potion of mutation]
   282 | D        | Gained mutation: You have a somewhat thin skeletal structure. (Dex +2, Stealth) [potion of mutation]
   282 | D        | Gained mutation: Your spells are a little easier to cast, but a little less powerful. [potion of mutation]
   282 | D        | Gained mutation: You have sharp fingernails. [potion of mutation]
   283 | D        | Lost mutation: Your spells are a little easier to cast, but a little less powerful. [potion of mutation]
   283 | D        | Gained mutation: Your natural rate of healing is unusually fast. [potion of mutation]
   283 | D        | Gained mutation: You have a pair of small antennae on your head. [potion of mutation]
   284 | D        | Lost mutation: You have a pair of small antennae on your head. [potion of mutation]
   284 | D        | Lost mutation: You have a somewhat thin skeletal structure. (Dex +2, Stealth) [potion of mutation]
   284 | D        | Lost mutation: Your natural rate of healing is unusually fast. [potion of mutation]
   284 | D        | Gained mutation: Armour fits poorly on your strangely shaped body. [potion of mutation]
   284 | D        | Gained mutation: You are covered in fur. (AC +1) [potion of mutation]
   284 | D        | Gained mutation: Your magical capacity is low. (-10% MP) [potion of mutation]
   284 | D        | Gained mutation: You possess an exceptional clarity of mind. [potion of mutation]
   344 | D        | Noticed a water elemental
   349 | D        | Killed a water elemental
   349 | D        | Reached skill level 5 in Dodging
   349 | D        | Reached skill level 5 in Fire Magic
   349 | D        | Reached XP level 5. HP: 32/32 MP: 8/15
   356 | D        | Learned a level 5 spell: Fireball
   406 | D        | Found a radiant altar of Vehumet.
   407 | D        | Found a deep blue altar of Sif Muna.
   407 | D        | Found an ancient bone altar of Kikubaaqudgha.
   411 | D        | Reached skill level 8 in Spellcasting
   423 | D        | Became a worshipper of Vehumet
   442 | D        | Learned a level 3 spell: Mephitic Cloud
   678 | D        | Found a glowing silver altar of Zin.
   679 | D        | Found a glowing golden altar of the Shining One.
   679 | D        | Found a white marble altar of Elyvilon.
   679 | D        | Noticed a deep elf mage
   683 | D        | Killed from afar by a deep elf mage

Vault maps used:
D:        dungeon_sprint_mu

Skill      XL: |  1  2  3  4  5 |
---------------+----------------+-----
Spellcasting   | 5 7 8 |  8.6
Dodging        | 3 4 5 |  5.9
Fighting       | 1 2 3 |  3.3
Armour         | 1 2 3 |  3.2
Conjurations   | 2 3 4 |  4.5
Fire Magic     | 4 5 |  5.8
Stealth        | |  2.4

Action                   |  1- 3 |  4- 6 || total
-------------------------+-------+-------++-------
Melee: Unarmed           |       |     5 ||     5
       Dagger            |       |     1 ||     1
 Cast: Flame Tongue      |    26 |     8 ||    34
       Throw Flame       |     1 |       ||     1
       Conjure Flame     |       |     1 ||     1
       Sticky Flame      |       |     2 ||     2
  Use: Potion            |       |     5 ||     5
       Scroll            |       |     1 ||     1
 Stab: Sleeping          |       |     1 ||     1
Armor: Robe              |     1 |     6 ||     7
Dodge: Dodged            |    13 |    40 ||    53
